 Dungeon Crawl Stone Soup version 0.29.1-2-gbd0b4ee654 (webtiles) character file.

Game seed: 7188727525224156190

67 GorkyZ the Twirler (level 4, -9/34 HPs)
             Began as a Formicid Gladiator on Nov 21, 2022.
             Killed from afar by Ijyb (18 damage)
             ... with a bolt of acid
             ... on level 3 of the Dungeon.
             The game lasted 00:06:26 (2776 turns).

GorkyZ the Twirler (Formicid Gladiator)             Turns: 2776, Time: 00:06:27

Health: -9/34      AC:  2    Str: 20    XL:     4   Next: 38%
Magic:  4/4        EV: 12    Int:  8    God:
Gold:   100        SH:  0    Dex: 15    Spells: 3/3 levels left

rFire   . . .      SeeInvis +   a - +0 quarterstaff
rCold   . . .      Faith    .   (no shield)
rNeg    . . .      Spirit   .   t - +0 ring mail
rPois   .          Reflect  .   (helmet unavailable)
rElec   .          Harm     .   (no cloak)
rCorr   .          Rampage  .   r - +0 pair of gloves
Will    .....                   (no boots)
Stlth   +.........              (no amulet)
HPRegen 0.11/turn               (no ring)
MPRegen 0.09/turn               (no ring)

@: corroded
A: permanent stasis, dig shafts and tunnels, antennae 3, four strong arms
a: Dig, Shaft Self


You were on level 3 of the Dungeon.
You visited 1 branch of the dungeon, and saw 3 of its levels.

You collected 100 gold pieces.

Inventory:

Hand Weapons
 a - a +0 quarterstaff (weapon)
Missiles
 d - a javelin (quivered)
Armour
 b - a +0 leather armour
 r - a +0 pair of gloves (worn)
 t - a +0 ring mail (worn)
Wands
 o - a wand of flame (14)
Scrolls
 e - a scroll of silence {unknown}
 f - a scroll of fog {unknown}
 h - a scroll of noise {unknown}
 i - 2 scrolls of teleportation {unknown}
 j - a scroll of magic mapping {unknown}
 k - 2 scrolls of poison {unknown}
 m - a scroll of blinking {unknown}
 p - a scroll of amnesia {unknown}
 q - a scroll of identify {unknown}
 s - a scroll of immolation {unknown}
Potions
 g - a potion of heal wounds {unknown}
 l - 2 potions of attraction {unknown}
 n - a potion of mutation {unknown}
 u - a potion of magic {unknown}


   Skills:
 + Level 2.6 Fighting
 + Level 0.7(1.1) Axes
 + Level 1.1(2.3) Polearms
 - Level 3.0(3.1) Staves
 + Level 2.3 Throwing
 + Level 1.2 Armour
 + Level 3.0 Dodging
 + Level 1.2 Shields
 + Level 1.2 Evocations


You had 3 spell levels left.
You didn't know any spells.
Your spell library contained the following spells:

 Spells                   Type           Power      Damage    Failure   Level
 Magic Dart               Conj           0%         1d3       58%         1
 Call Imp                 Summ           0%         N/A       73%         2
 Mephitic Cloud           Conj/Pois/Air  0%         N/A       91%         3


Dungeon Overview and Level Annotations

Branches:
Dungeon (3/15)

Altars:

Annotations:
D:3 Ijyb


Innate Abilities, Weirdness & Mutations

You cannot be hasted, slowed, berserked, paralysed or teleported.
You can dig through walls and to a lower floor.
You have a pair of large antennae on your head. (SInv)
Your four strong arms can wield two-handed weapons with a shield.


Message History

The goblin hits you with a +0 dagger.
Ijyb struggles against the net.
The rat bites you but does no damage.
You hit Ijyb.
Ijyb is moderately wounded.
The goblin hits you with a +0 dagger. The rat closely misses you.
Ijyb struggles against the net.
The net rips apart, and Ijyb comes free!
The goblin hits you with a +0 dagger. Ijyb closely misses you.
The rat misses you.
You barely miss Ijyb.
Ijyb is moderately wounded.
The rat bites you. Ijyb closely misses you.
The goblin hits you with a +0 dagger.
You barely miss Ijyb.
Ijyb is moderately wounded.
The goblin hits you but does no damage. Ijyb completely misses you.
The rat closely misses you.
Throw: 2 throwing nets
Press: ? - help, Q - select action, (/) - cycle Shift-Dir - straight line, f/p - Ijyb
Aim: Ijyb, wielding a +0 dagger, wearing a +0 ring mail and carrying a wand of acid (3) (moderately wounded, 57% to hit)
You throw a throwing net. The throwing net closely misses Ijyb.
The goblin closely misses you. Ijyb misses you. The rat barely misses you.
Throw: throwing net
Press: ? - help, Q - select action, (/) - cycle Shift-Dir - straight line, f/p - Ijyb
Aim: Ijyb, wielding a +0 dagger, wearing a +0 ring mail and carrying a wand of acid (3) (moderately wounded, 57% to hit)
You throw a throwing net. The throwing net hits Ijyb.
Ijyb is caught in the net!
Ijyb is moderately wounded.
The goblin hits you with a +0 dagger. The rat bites you.
Ijyb struggles against the net.
You hit Ijyb but do no damage.
Ijyb is moderately wounded.
The goblin hits you with a +0 dagger.
* * * LOW HITPOINT WARNING * * *
The rat misses you.
Ijyb struggles against the net.
You hit Ijyb but do no damage.
Ijyb is moderately wounded.
Ijyb zaps a wand.
The bolt of acid hits you!!
Ouch! That really hurt!
You die...

.......#. ....?.... #
........# .#.#
........# ###.#.#####
........# #...[.....#
........####.# .#....#
......gr##...##.#....#
(.....g@....>........#
...............##....#
..............†#.....#
.................<...#
................#....#
.......######..)######
.....?. #..## #..###.
...## #.#.#


You could see Ijyb (caught), a goblin and a rat.

Vanquished Creatures
  An adder (D:2)
  A worm (D:2)
  A dart slug (D:2)
  5 ball pythons (D:1)
  4 endoplasms
  3 giant cockroaches
  5 goblins
  4 hobgoblins
  3 jackals (D:2)
  4 quokkas (D:2)
  5 bats
  3 frilled lizards
  4 kobolds
  5 rats
48 creatures vanquished.

Notes
Turn   | Place    | Note
-------+----------+-------------------------------------------
     0 | D:1      | GorkyZ the Formicid Gladiator began the quest for the Orb.
     0 | D:1      | Reached XP level 1. HP: 16/16 MP: 1/1
   122 | D:1      | Found a faded altar of an unknown god.
   137 | D:1      | Reached XP level 2. HP: 13/22 MP: 2/2
  1059 | D:1      | Reached XP level 3. HP: 23/28 MP: 3/3
  1463 | D:2      | Reached skill level 1 in Shields
  1513 | D:2      | Reached skill level 1 in Evocations
  1895 | D:2      | Reached skill level 1 in Armour
  1948 | D:2      | Reached XP level 4. HP: 31/34 MP: 4/4
  2059 | D:2      | Reached skill level 1 in Polearms
  2761 | D:3      | Noticed Ijyb
  2776 | D:3      | Killed from afar by Ijyb

Illustrated notes

Levels and vault maps discovered:
D:1:      scummos_arrival_simple_fountains, layout_loops_corners,
          ebering_ecumenical_altar_abandoned, due_unseen_surprise
D:2:      layout_basic
D:3:      layout_rooms, minmay_crystal_water, uniq_ijyb, uniq_jessica

Skill      XL: |  1  2  3  4 |
---------------+-------------+-----
Shields        | 1 |  1.2
Dodging        | 3 |  3.0
Evocations     | 1 |  1.2
Armour         | 1 |  1.2
Polearms       | 1 |  1.1
Fighting       | |  2.6
Axes           | |  0.7
Staves         | |  3.0
Throwing       | |  2.3

Action                   |  1- 3 |  4- 6 || total
-------------------------+-------+-------++-------
Melee: Quarterstaff      |    94 |    43 ||   137
Throw: Throwing net      |     1 |     3 ||     4
 Abil: Dig               |     2 |       ||     2
 Stab: Sleeping          |     1 |       ||     1
       Held in net/web   |     1 |     1 ||     2
Armor: Leather armour    |    33 |     9 ||    42
       Ring mail         |       |     4 ||     4
Dodge: Dodged            |    72 |    37 ||   109
